 Dungeon Crawl Stone Soup version 0.28-a0-657-g71136c5590 (webtiles) character file.

Game seed: 7014412666583677259

88 Demosthentine the Poker (level 4, -2/35 HPs)
             Began as a Merfolk Gladiator on Oct 14, 2021.
             Killed by divine providence
             ... invoked by an orc priest
              (15 damage)
             ... on level 3 of the Dungeon.
             The game lasted 00:01:33 (1846 turns).

Demosthentine the Poker (Merfolk Gladiator)         Turns: 1846, Time: 00:01:33

Health: -2/35      AC:  4    Str: 15    XL:     4   Next: 54%
Magic:  4/4        EV: 13    Int:  7    God:
Gold:   83         SH:  0    Dex: 15    Spells: 3/3 levels left

rFire   . . .      SeeInvis .   a - +0 trident
rCold   . . .      Faith    .   (no shield)
rNeg    . . .      Spirit   .   b - +0 leather armour
rPois   .          Reflect  .   c - +0 helmet
rElec   .          Harm     .   (no cloak)
rCorr   .          Rampage  .   (no gloves)
Will    .....                   (no boots)
Stlth   +.........              (no amulet)
HPRegen 0.11/turn               (no ring)
MPRegen 0.09/turn               (no ring)

@: no status effects
A: (nimble swimmer 2), mertail
a: no special abilities


You were on level 3 of the Dungeon.
You visited 1 branch of the dungeon, and saw 3 of its levels.

You collected 83 gold pieces.

Inventory:

Hand Weapons
 a - a +0 trident (weapon)
Missiles
 d - 3 throwing nets (quivered)
Armour
 b - a +0 leather armour (worn)
 c - a +0 helmet (worn)
Scrolls
 e - a scroll of enchant weapon {unknown}
 g - 2 scrolls of amnesia
Potions
 h - a potion of resistance
 i - a potion of haste
 j - a potion of magic {unknown}
 k - 2 potions of heal wounds {unknown}


   Skills:
 + Level 3.1 Fighting
 + Level 5.3 Polearms
 - Level 2.0 Throwing
 + Level 1.1 Armour
 + Level 4.9 Dodging


You had 3 spell levels left.
You didn't know any spells.
Your spell library was empty.

Dungeon Overview and Level Annotations

Branches:
Dungeon (3/15)

Altars:


Innate Abilities, Weirdness & Mutations

((You are quick and stealthy near water. (Stealth+, EV+, Speed+++)))
Your lower body shifts to a powerful aquatic tail in water.


Message History

* * * LOW HITPOINT WARNING * * *
You feel better. The orc closely misses you.
Reach: a) +0 trident
Press: ? - help, Dir - move target, f/p - orc priest
Aim: an orc priest, wielding a +0 club and wearing a +0 leather armour (almost dead, about 40% to evade your +0 trident)
The orc is in the way.
You hit the orc.
The orc is moderately wounded.
The orc misses you.
Reach: a) +0 trident
Press: ? - help, Dir - move target, f/p - orc priest
Aim: an orc priest, wielding a +0 club and wearing a +0 leather armour (almost dead, about 40% to evade your +0 trident)
You reach to attack!
You hit the orc priest but do no damage.
The orc priest is almost dead.
The orc barely misses you.
Reach: a) +0 trident
Press: ? - help, Dir - move target, f/p - orc priest
Aim: an orc priest, wielding a +0 club and wearing a +0 leather armour (almost dead, about 40% to evade your +0 trident)
The orc is in the way.
You hit the orc but do no damage.
The orc is moderately wounded.
The orc hits you but does no damage.
Reach: a) +0 trident
Press: ? - help, Dir - move target, f/p - orc priest
Aim: an orc priest, wielding a +0 club and wearing a +0 leather armour (almost dead, about 40% to evade your +0 trident)
The orc is in the way.
You hit the orc but do no damage.
The orc is moderately wounded.
The orc hits you with a +0 mace.
* * * LOW HITPOINT WARNING * * *
Unknown command.
You feel better. The orc misses you.
The orc priest casts a cantrip, but nothing happens.
Reach: a) +0 trident
Press: ? - help, Dir - move target, f/p - orc priest
Aim: an orc priest, wielding a +0 club and wearing a +0 leather armour (almost dead, about 40% to evade your +0 trident)
The orc is in the way.
You barely miss the orc.
The orc is moderately wounded.
The orc barely misses you.
The orc priest invokes the aid of Beogh against you.
Beogh smites you!
You die...

........... .........
........ ...... ....
######.# # #......#
.##
#####......####..##
#.@ooo.............
###..###.........>.$..
....# #####.)........
###.. #(.....(... #..
#.......<.. #..####
#.......... ##....###
#..........
#.......###..........
#.###..(...#.........


You could see an orc priest and 2 orcs.

Vanquished Creatures
  3 adders
  A dart slug (D:2)
  An orc (D:3)
  2 bats
  4 endoplasms (D:1)
  2 giant cockroaches
  8 goblins
  6 hobgoblins
  3 jackals (D:3)
  2 quokkas
  5 ball pythons
  4 frilled lizards
  8 kobolds
  5 rats
54 creatures vanquished.

Notes
Turn   | Place    | Note
-------+----------+-------------------------------------------
     0 | D:1      | Demosthentine the Merfolk Gladiator began the quest for the
                  | Orb.
     0 | D:1      | Reached XP level 1. HP: 16/16 MP: 1/1
   213 | D:1      | Reached XP level 2. HP: 23/23 MP: 2/2
   234 | D:1      | Found a faded altar of an unknown god.
   556 | D:1      | Reached XP level 3. HP: 17/28 MP: 3/3
  1112 | D:2      | Reached skill level 5 in Polearms
  1351 | D:2      | Reached skill level 1 in Armour
  1351 | D:2      | Reached XP level 4. HP: 22/35 MP: 4/4
  1846 | D:3      | Killed from afar by an orc priest

Illustrated notes

Levels and vault maps discovered:
D:1:      dpeg_arrival_shelter, layout_loops_ring,
          hellmonk_ecumenical_altar_crossroads, hangedman_decor_clover_reticule
D:2:      layout_rooms, minmay_tromino_v2
D:3:      layout_rooms, minmay_misc_feat_ornament

Skill      XL: |  1  2  3 |
---------------+----------+-----
Polearms       | 5 |  5.3
Fighting       | 3 |  3.1
Armour         | 1 |  1.1
Throwing       | |  2.0
Dodging        | |  4.9

Action                   |  1- 3 |  4- 6 || total
-------------------------+-------+-------++-------
Melee: Trident           |   119 |    55 ||   174
  Use: Scroll            |     3 |     3 ||     6
       Potion            |       |     2 ||     2
 Stab: Sleeping          |     2 |       ||     2
Armor: Leather armour    |    26 |    11 ||    37
Dodge: Dodged            |    45 |    41 ||    86

Table legend: (Time is in decaauts)
 A = Elapsed time spent in this place.
 B = Non-inter-level travel time spent in this place.
 C = Inter-level travel time spent in this place.
 D = Time resting spent in this place.
 E = Time spent auto-exploring this place.
 F = Levels seen in this place.
 G = Mean time per level.
                   A        B        C        D        E       F      G
               +--------+--------+--------+--------+--------+-----+--------+
         Total |   1855 |   1816 |     39 |      0 |   1474 |   3 |  618.3 |
       Dungeon |   1855 |   1816 |     39 |      0 |   1474 |   3 |  618.3 |
               +--------+--------+--------+--------+--------+-----+--------+

Top non-repeatable levels by time:
     D:1: 1110 daAuts
     D:2: 591 daAuts
     D:3: 153 daAuts
